 Dungeon Crawl Stone Soup version 0.31-a0-931-g7b59d4eb97 (webtiles) character file.

Game seed: 12386877633535623695

16065 scionoferis the Severer (level 12, -2/126 HPs)
             Began as a Minotaur Chaos Knight on Oct 19, 2023.
             Was a Plaything of Xom.
             Slain by Persephone's ghost (24 damage)
             ... on level 9 of the Dungeon.
             The game lasted 00:31:43 (11299 turns).

scionoferis the Severer (Minotaur Chaos Knight)    Turns: 11299, Time: 00:31:44

Health: -2/126     AC: 25    Str: 18      XL:     12   Next: 6%
Magic:  11/11      EV:  6    Int:  8 (9)  God:    Xom [.....*]
Gold:   597        SH: 13    Dex: 12      Spells: 10/11 levels left

rFire   + . .        b - +1 broad axe (freeze)
rCold   . . .        O - +2 buckler
rNeg    + . .        e - +1 plate armour of Rifet {Rampage rN+ Dex-2 Stlth+}
rPois   +            (helmet unavailable)
rElec   .            p - +0 cloak
rCorr   .            N - +0 pair of gloves
SInv    .            F - +1 pair of boots {Fly}
Will    .....        J - amulet of the acrobat Stlth
                     g - +4 ring of protection
HPRegen 1.21/turn    s - ring of poison resistance
MPRegen 0.12/turn

%: acrobat, clarity, rampage
@: flying
A: horns 3, retaliatory headbutt, iridescent scales 1, large bone plates 2,
clarity, fire resistance 1, mutation resistance 1, regeneration 1, robust 1,
shaggy fur 1, noise suppression
a: Renounce Religion


You were on level 9 of the Dungeon.
You worshipped Xom.
You were Xom's teddy bear.
You visited 1 branch of the dungeon, and saw 12 of its levels.
You also visited: Bailey.

You collected 855 gold pieces.
You spent 258 gold pieces at shops.


Innate Abilities, Weirdness & Mutations

You have a pair of large horns on your head.
You reflexively headbutt those who attack you in melee.
You are partially covered in iridescent scales. (AC +2)
You are mostly covered in large bone plates. (SH +6)
You possess an exceptional clarity of mind.
Your flesh is heat resistant. (rF+)
You are somewhat resistant to further mutation.
Your natural rate of healing is unusually fast.
You are robust. (+10% HP)
You are covered in fur. (AC +1)
You passively dampen the noise of your surroundings.


   Skills:
 + Level 13.1 Fighting
 + Level 17.5 Axes
 + Level 5.2 Armour
 + Level 4.2 Dodging
 + Level 6.8 Shields


You had 10 spell levels left.
You knew the following spells:

 Your Spells              Type           Power      Damage    Failure   Level
a - Apportation           Tloc           0%         N/A       100%        1

Your spell library contained the following spells:

 Spells                   Type           Power      Damage    Failure   Level
 Necrotise                Necr           0%         1d4       100%        1
 Sandblast                Erth           0%         2d4       100%        1
 Shock                    Conj/Air       0%         1d3       100%        1
 Summon Small Mammal      Summ           0%         N/A       100%        1
 Passwall                 Tmut/Erth      0%         N/A       100%        2
 Poisonous Vapours        Pois/Air       0%         N/A       100%        2
 Inner Flame              Hex/Fire       0%         N/A       100%        3
 Mephitic Cloud           Conj/Pois/Air  0%         N/A       100%        3
 Stone Arrow              Conj/Erth      0%         3d7       100%        3
 Swiftness                Air            0%         N/A       100%        3
 Tukima's Dance           Hex            0%         N/A       100%        3
 Volatile Blastmotes      Fire/Tloc      0%         2d10      100%        3
 Airstrike                Air            0%         2d(0-16)  100%        4
 Brom's Barrelling Bould  Conj/Erth      0%         2d3       100%        4
 Dimensional Bullseye     Hex/Tloc       0%         N/A       100%        4
 Flame Wave               Conj/Fire      0%         2d4       100%        4
 Fulminant Prism          Conj/Hex       0%         3d5       100%        4
 Iskenderun's Mystic Bla  Conj/Tloc      0%         2d3       100%        4
 Passage of Golubria      Tloc           0%         N/A       100%        4
 Sticky Flame             Conj/Fire      0%         2d3       100%        4
 Freezing Cloud           Conj/Ice/Air   0%         6-21      100%        5
 Iskenderun's Battlesphe  Conj           0%         2d6       100%        5
 Silence                  Hex/Air        0%         N/A       100%        5
 Bombard                  Conj/Erth      0%         9d1       100%        6
 Spellforged Servitor     Conj/Summ      0%         N/A       100%        7
 Lehudib's Crystal Spear  Conj/Erth      0%         10d2      100%        8

Inventory:

Hand Weapons
 a - a +0 hand axe of chaos
 b - a +1 broad axe of freezing (weapon)
   (You found it in a bailey)
Missiles
 d - 5 boomerangs
 n - 49 poisoned darts (quivered)
Armour
 e - the +1 plate armour of Rifet (worn) {Rampage rN+ Dex-2 Stlth+}
   (You found it on level 4 of the Dungeon)

   Dex-2:     It affects your dexterity (-2).
   rN+:       It protects you from negative energy.
   Rampage:   It bestows one free step when moving towards enemies.
   Stlth+:    It makes you more stealthy.
 f - +0 pearl dragon scales
   (You found it in a bailey)
 p - a +0 cloak (worn)
   (You took it off Crazy Yiuf on level 2 of the Dungeon)
 q - a +3 scale mail of cold resistance
   (You found it in a bailey)
 F - a +1 pair of boots of flying (worn)
   (You bought it in a shop on level 7 of the Dungeon)
 N - a +0 pair of gloves (worn)
   (You found it on level 11 of the Dungeon)
 O - a +2 buckler (worn)
   (You took it off a tengu warrior on level 9 of the Dungeon)
Jewellery
 g - a +4 ring of protection (left hand)
   (You found it on level 2 of the Dungeon)
 s - a ring of poison resistance (right hand)
   (You found it on level 3 of the Dungeon)
 J - an amulet of the acrobat (around neck)
   (You found it on level 9 of the Dungeon)
Wands
 i - a wand of charming (15)
   (You found it on level 2 of the Dungeon)
 o - a wand of light (14)
   (You found it on level 2 of the Dungeon)
 C - a wand of iceblast (23)
   (You found it on level 6 of the Dungeon)
 I - a wand of flame (18)
   (You found it on level 9 of the Dungeon)
Scrolls
 c - 2 scrolls of butterflies
 j - a scroll of acquirement
 u - 2 scrolls of fog
 v - 4 scrolls of teleportation
 y - 2 scrolls of revelation
 z - a scroll of immolation
 B - 4 scrolls of fear
 G - 3 scrolls of vulnerability
 K - a scroll of blinking {unknown}
 L - a scroll of enchant weapon
Potions
 h - 4 potions of curing
 k - a potion of invisibility {unknown}
 l - 2 potions of might {unknown}
 m - 2 potions of enlightenment {unknown}
 r - a potion of cancellation {unknown}
 t - a potion of brilliance {unknown}
 w - 3 potions of mutation {unknown}
 x - 4 potions of heal wounds
 A - 2 potions of attraction {unknown}
 D - 3 potions of haste
 E - a potion of resistance {unknown}
 H - 2 potions of lignification {unknown}

Dungeon Overview and Level Annotations

Branches:
Dungeon (12/15)            Temple (0/1) D:6            Lair (0/5) D:8
    Orc (0/2) D:11         Bailey (visited)

Altars:
Cheibriados
Elyvilon
Gozag
Hepliaklqana
Kikubaaqudgha
Qazlal
Ru
Trog
Vehumet
Xom
Yredelemnul
The Shining One

Shops:
D:6 :(   D:7 *=[

Annotations:
D:9 Persephone's ghost, novice TrSh

############.#####......[...##
.<..........................)##
############.#.......#####....###
#.#.....###...###.....
#)#....##.....####....
##.#)..[#....####.#....
###########...).Y##....#≈#..##...
#.............[..#.....?)#...#...
>.####....##.##.@#©)##.s[....#©..
.......##......W.#{)# ..?##..#..#
.................##)###.#≈#.##.##
#########......#..##....#####..#
#..)...#..##.Y....###..#
#..^!..##..###.§.###..##
#########....#####....#
##...........## ###.......###


You could see 2 yaks and Persephone's ghost.


Message History

You barely miss the gnoll. Your headbutt misses the gnoll.
The gnoll is almost dead.
You closely miss something. Something hits you!
Deactivating autopickup; reactivate with Ctrl-A.
You hit the gnoll but do no damage. You headbutt the gnoll.
You kill the gnoll!
You hit something but do no damage. Something hits you but does no damage.
You block the gnoll sergeant's attack. You block the gnoll sergeant's attack.
You block something's attack.
Things that are here:
a +0 spear; a gnoll corpse You hit the gnoll sergeant but do no damage.
Lightning courses through the gnoll sergeant!
You headbutt the gnoll sergeant!
The gnoll sergeant is almost dead.
You hit something but do no damage.
Reactivating autopickup.
You feel a bit more experienced.
A shadow comes into view.
The gnoll sergeant hits you but does no damage.
Your Armour skill increases to level 3!
You hit the gnoll sergeant.
You feel better.
You kill the gnoll sergeant!
The shadow slips into darkness.
The shadow flickers and vanishes!
Deactivating autopickup; reactivate with Ctrl-A.
You hit something.
The shadow strikes at you from the darkness!
You hit something but do no damage. Your headbutt misses something.
You miss something. You headbutt something.
The shadow strikes at you from the darkness!
You miss something.
The shadow strikes at you from the darkness!
Reactivating autopickup.
You hit the shadow.
The shadow suddenly seems more agile.
Xom thinks this is hilarious!
The shadow is moderately damaged.
An orc comes into view.
It is wielding a +1 vampiric short sword.
You miss the shadow.
The shadow is moderately damaged.
The shadow barely misses you. You furiously retaliate!
You headbutt the shadow! You closely miss the shadow. You headbutt the shadow.
You destroy the shadow!
Your Dodging skill increases to level 2!
Your +1 broad axe of freezing glows with a cold blue light!
b - a +1 broad axe of freezing (weapon)
Found a scroll of butterflies.
The orc hits you but does no damage.
You barely miss the orc. The orc hits you but does no damage.
You barely miss the orc. You block the orc's attack.
A wraith comes into view.
You closely miss the orc. The orc hits you but does no damage.
You hit the orc but do no damage. Your headbutt misses the orc.
You block the orc's attack.
You slice the orc!! You freeze the orc.
You kill the orc!
Things that are here:
a +1 vampiric short sword; a +0 leather armour You rampage towards the wraith!
You hit the wraith but do no damage. The wraith completely misses you.
You furiously retaliate!
You headbutt the wraith. You barely miss the wraith.
The wraith is lightly damaged.
You block the wraith's attack.
You hit the wraith. Your headbutt misses the wraith.
The wraith is lightly damaged.
The wraith hits you but does no damage.
You hit the wraith. You headbutt the wraith.
The wraith is moderately damaged.
You closely miss the wraith.
The wraith is moderately damaged.
The sentinel's mark upon you fades away.
The wraith hits you but does no damage.
You slash the wraith! You freeze the wraith. You headbutt the wraith.
The wraith is almost destroyed.
The wraith hits you but does no damage.
You slice the wraith!!
You destroy the wraith!
c - 2 scrolls of butterflies (gained 1)
You now have 540 gold pieces (gained 8).
Found 7 stones.
Your +1 broad axe of freezing stops glowing.
Your +0 hand axe of chaos is briefly surrounded by a scintillating aura of random colours.
a - a +0 hand axe of chaos (weapon)
You see here 7 stones.
You now have 553 gold pieces (gained 13).
Found a stone staircase leading up.
You now have 568 gold pieces (gained 15).
There is a stone staircase leading up here.
A skeletal warrior comes into view. It is wielding a +0 trident.
Your +1 broad axe of freezing glows with a cold blue light!
b - a +1 broad axe of freezing (weapon)
You start waiting.
A skeletal warrior is nearby!
You closely miss the skeletal warrior.
Your headbutt misses the skeletal warrior.
The skeletal warrior hits you with a +0 trident!
You slice the skeletal warrior!! You freeze the skeletal warrior.
You headbutt the skeletal warrior!
The skeletal warrior is heavily damaged.
You slice the skeletal warrior!! You freeze the skeletal warrior.
You headbutt the skeletal warrior.
The skeletal warrior is almost destroyed.
The skeletal warrior hits you with a +0 trident!
You slash the skeletal warrior!
You destroy the skeletal warrior!
Your +1 broad axe of freezing stops glowing.
Your +0 hand axe of chaos is briefly surrounded by a scintillating aura of random colours.
a - a +0 hand axe of chaos (weapon)
HP restored.
A deep elf pyromancer comes into view.
It is wielding a +2 short sword of speed.
The deep elf pyromancer shouts!
Your +1 broad axe of freezing glows with a cold blue light!
b - a +1 broad axe of freezing (weapon)
You block the deep elf pyromancer's attack.
You barely miss the deep elf pyromancer.
The deep elf pyromancer gestures wildly while chanting.
You hit the deep elf pyromancer. You freeze the deep elf pyromancer.
The deep elf pyromancer is lightly wounded.
You hit the fire elemental. You freeze the fire elemental.
You block the deep elf pyromancer's attack.
The fire elemental hits you. The fire elemental burns you! You resist.
You slash the deep elf pyromancer! You freeze the deep elf pyromancer.
Your headbutt misses the deep elf pyromancer.
The deep elf pyromancer is heavily wounded.
You hit the fire elemental. You freeze the fire elemental.
The deep elf pyromancer casts a spell at you.
The bolt of fire hits you! You resist. The fire elemental hits you.
The fire elemental burns you! You resist.
You slice the deep elf pyromancer!! You freeze the deep elf pyromancer!
You kill the deep elf pyromancer!
The fire elemental disappears in a puff of smoke!
Your +1 broad axe of freezing stops glowing.
Your +0 hand axe of chaos is briefly surrounded by a scintillating aura of random colours.
a - a +0 hand axe of chaos (weapon)
H - 2 murky purple potions (gained 1)
Things that are here:
a +2 short sword of speed; an elf corpse
Found a stone staircase leading down.
A two-headed ogre comes into view.
It is wielding a +0 giant spiked club and a +0 giant club.
The two-headed ogre shouts in stereo!
Your +1 broad axe of freezing glows with a cold blue light!
b - a +1 broad axe of freezing (weapon)
Throw: 50 darts (poison)
Press: ? - help, Q - select action, (/) - cycle Shift-Dir - straight line, f - two-headed ogre
Aim: a two-headed ogre, wielding a +0 giant spiked club and a +0 giant club (75% to hit)
You throw a poisoned dart.
The poisoned dart hits the two-headed ogre.
Throw: 49 darts (poison)
Press: ? - help, Q - select action, (/) - cycle Shift-Dir - straight line, f/p - two-headed ogre
Aim: a two-headed ogre, wielding a +0 giant spiked club and a +0 giant club (75% to hit)
You throw a poisoned dart.
The poisoned dart barely misses the two-headed ogre.
Throw: 48 darts (poison)
Press: ? - help, Q - select action, (/) - cycle Shift-Dir - straight line, f/p - two-headed ogre
Aim: a two-headed ogre, wielding a +0 giant spiked club and a +0 giant club (75% to hit)
You throw a poisoned dart.
The poisoned dart hits the two-headed ogre.
The two-headed ogre is poisoned.
Throw: 47 darts (poison)
Press: ? - help, Q - select action, (/) - cycle Shift-Dir - straight line, f/p - two-headed ogre
Aim: a two-headed ogre, wielding a +0 giant spiked club and a +0 giant club (poisoned, 75% to hit)
You throw a poisoned dart.
The poisoned dart hits the two-headed ogre.
The two-headed ogre looks even sicker.
Throw: 46 darts (poison)
Press: ? - help, Q - select action, (/) - cycle Shift-Dir - straight line, f/p - two-headed ogre
Aim: a two-headed ogre, wielding a +0 giant spiked club and a +0 giant club (lightly wounded, very poisoned, 75% to hit)
You throw a poisoned dart.
The poisoned dart barely misses the two-headed ogre.
You hit the two-headed ogre. You freeze the two-headed ogre.
You headbutt the two-headed ogre!
The two-headed ogre is heavily wounded.
The two-headed ogre barely misses you.
The two-headed ogre hits you with a +0 giant club.
You completely miss the two-headed ogre.
You headbutt the two-headed ogre!
The two-headed ogre is severely wounded.
You slice the two-headed ogre!! You freeze the two-headed ogre!
You kill the two-headed ogre!
Your Armour skill increases to level 4!
Your Dodging skill increases to level 3!
Your +1 broad axe of freezing stops glowing.
Your +0 hand axe of chaos is briefly surrounded by a scintillating aura of random colours.
a - a +0 hand axe of chaos (weapon)
Things that are here:
a +0 giant spiked club; a +0 giant club
n - 46 poisoned darts (gained 1)
n - 47 poisoned darts (gained 1)
There is a stone staircase leading down here.
n - 48 poisoned darts (gained 1)
n - 49 poisoned darts (gained 1)
You now have 583 gold pieces (gained 15).
v - 5 scrolls of teleportation (gained 1) 2 skeletal warriors come into view.
Your +1 broad axe of freezing glows with a cold blue light!
b - a +1 broad axe of freezing (weapon)
You start waiting.
A skeletal warrior is nearby!
You slash the skeletal warrior! You freeze the skeletal warrior.
The skeletal warrior is lightly damaged.
The skeletal warrior hits you with a +0 mace!
You closely miss the skeletal warrior.
The skeletal warrior is lightly damaged.
The skeletal warrior hits you with a +0 mace.
The skeletal warrior barely misses you.
You hit the skeletal warrior but do no damage.
You headbutt the skeletal warrior.
The skeletal warrior is moderately damaged.
You block the skeletal warrior's attack.
The skeletal warrior hits you from afar with a +0 trident!
You hit the skeletal warrior but do no damage.
You headbutt the skeletal warrior.
The skeletal warrior is moderately damaged.
The skeletal warrior hits you with a +0 mace.
The skeletal warrior hits you but does no damage.
You hit the skeletal warrior but do no damage.
You headbutt the skeletal warrior, but do no damage.
The skeletal warrior is moderately damaged.
You completely miss the skeletal warrior.
The skeletal warrior is moderately damaged.
The skeletal warrior hits you with a +0 mace.
The skeletal warrior hits you but does no damage.
You closely miss the skeletal warrior. You headbutt the skeletal warrior.
The skeletal warrior is moderately damaged.
The skeletal warrior hits you with a +0 mace!!
You block the skeletal warrior's attack.
You slash the skeletal warrior! You freeze the skeletal warrior.
You headbutt the skeletal warrior, but do no damage.
The skeletal warrior is heavily damaged.
You block the skeletal warrior's attack. x2
You closely miss the skeletal warrior.
Your headbutt misses the skeletal warrior.
The skeletal warrior is heavily damaged.
You completely miss the skeletal warrior.
Your headbutt misses the skeletal warrior.
The skeletal warrior is heavily damaged.
The skeletal warrior hits you but does no damage.
The skeletal warrior closely misses you.
You hit the skeletal warrior. You freeze the skeletal warrior.
The skeletal warrior is heavily damaged.
The skeletal warrior hits you with a +0 mace.
The skeletal warrior hits you from afar with a +0 trident!!
* * * LOW HITPOINT WARNING * * *
You hit the skeletal warrior but do no damage.
You headbutt the skeletal warrior.
The skeletal warrior is heavily damaged.
The skeletal warrior barely misses you.
The skeletal warrior hits you from afar with a +0 trident.
* * * LOW HITPOINT WARNING * * *
You slash the skeletal warrior!
The skeletal warrior is severely damaged.
The skeletal warrior hits you with a +0 mace!
* * * LOW HITPOINT WARNING * * *
The skeletal warrior hits you but does no damage.
The skeletal warrior attacks as it pursues you!
The skeletal warrior completely misses you.
Okay, then.
Press: ? - help, v - describe, . - travel
Here: a skeletal warrior, wielding a +0 mace (severely damaged)
The floor, spattered with blood.
As you read the scroll of teleportation, it crumbles to dust.
You feel strangely unstable.
Xom plays with reality for a moment.
Your cactus giant hits the skeletal warrior but does no damage.
Your surroundings suddenly seem different.
Unknown command.
You start resting.
Your cactus giant degenerates into a cloud of primal chaos!
A skeletal warrior is nearby!
The skeletal warrior attacks as it pursues you!
The skeletal warrior barely misses you. "Boo!"
The skeletal warrior attacks as it pursues you!
The skeletal warrior hits you but does no damage.
Xom momentarily opens a gate.
The skeletal warrior hits your ufetubus with a +0 trident!!
Your ufetubus dies!
Your ufetubus disappears in a puff of smoke!
Your ufetubus hits the skeletal warrior but does no damage. x2
Your white imp gestures at the skeletal warrior.
The puff of frost hits the skeletal warrior but does no damage.
Your ufetubus hits the skeletal warrior.
Your ufetubus closely misses the skeletal warrior.
The skeletal warrior hits your iron imp with a +0 trident!
Your iron imp dies!
Your iron imp disappears in a puff of smoke!
Your white imp gestures at the skeletal warrior.
The puff of frost hits the skeletal warrior.
The skeletal warrior resists.
Your ufetubus slips past the skeletal warrior!
Your ufetubus hits the skeletal warrior but does no damage.
Your ufetubus misses the skeletal warrior.
The skeletal warrior hits your ufetubus with a +0 trident!!
Your ufetubus dies!
Your ufetubus disappears in a puff of smoke!
Your white imp hits the skeletal warrior but does no damage.
Your quasit bites the skeletal warrior but does no damage.
Your quasit barely misses the skeletal warrior.
Your quasit claws the skeletal warrior but does no damage.
Your quasit misses the skeletal warrior.
Your quasit claws the skeletal warrior but does no damage.
Your quasit claws the skeletal warrior.
Your iron imp hits the skeletal warrior but does no damage.
The skeletal warrior barely misses your iron imp.
Your ufetubus hits the skeletal warrior but does no damage. x2
Your white imp gestures at the skeletal warrior.
The puff of frost misses the skeletal warrior.
Something hits your iron imp!
The skeletal warrior hits your ufetubus with a +0 trident!!
Your ufetubus dies!
Your ufetubus disappears in a puff of smoke!
Your white imp hits the skeletal warrior but does no damage.
The skeletal warrior hits your shadow imp with a +0 trident!
Something hits your quasit!
There is a stone staircase leading down here.
Things that are here:
a +0 giant spiked club; a +0 giant club
There is a stone staircase leading up here.
You fly upwards.
There is a stone staircase leading down here.
You start resting.
HP restored.
You start resting.
HP restored.
You fly downwards.
There is a stone staircase leading up here.
Found a stone staircase leading down.
Found a trident.
h - 4 potions of curing (gained 1)
You are now a toy of Xom.
An orc comes into view. It is wielding a +2 mace of holy wrath.
The orc shouts!
You hear a shout!
An orc wizard comes into view.
It is wielding a +0 dagger and wearing a +1 robe of fire resistance.
An orc comes into view. It is wielding a +0 club.
The orc moves out of view.
You hear a shout!
A cyclops comes into view.
An orc comes into view. It is wielding a +0 war axe.
The orc shouts! x2; The cyclops shouts!
You rampage towards the cyclops!
You slash the cyclops! You freeze the cyclops!
The cyclops is heavily wounded.
You hit the orc. You freeze the orc. Xom grants you insight.
You detect nothing.
You block the orc's attack.
The orc wizard casts a spell.
The orc wizard flickers and vanishes!
Deactivating autopickup; reactivate with Ctrl-A.
You slash the cyclops! You freeze the cyclops.
The cyclops is almost dead.
You hit the orc. You freeze the orc.
You kill the orc!
The cyclops hits you but does no damage.
You hit the cyclops but do no damage.
The cyclops is almost dead.
You slash the orc! You freeze the orc.
You kill the orc!
You hit something but do no damage. The cyclops hits you!
You slash the cyclops! You freeze the cyclops.
You kill the cyclops!
You hit something but do no damage. Something hits you but does no damage.
Your Shields skill increases to level 6!
You rampage towards the orc!
You hit the orc. You freeze the orc. You headbutt the orc.
The orc is severely wounded.
You miss something. Something hits you but does no damage.
You block the orc's attack.
You slash the orc! You freeze the orc.
You kill the orc!
You miss something. Something hits you but does no damage.
Something hits you but does no damage.
You see here a +0 war axe.
Something hits you but does no damage.
Items here: )) ††.
You slice something!! You freeze something!
Reactivating autopickup.
You feel a bit more experienced.
Items here: ( ) [ ††.
Items here: )) ††.
Okay, then.
Items here: ( ) [ ††.
Okay, then. "You need some minor adjustments, mortal!"
Your body is suffused with distortional energy.
Fur sprouts all over your body.
Large bone plates spread over more of your arms.
You feel robust. The horns on your head grow some more.
You are now a beloved toy of Xom.
HP restored.
You pick up a book of Vapours and begin reading...
You add the spells Poisonous Vapours, Mephitic Cloud and Freezing Cloud to your library.
Found a stone staircase leading down.
O - a scroll of identify
As you read the scroll of identify, it crumbles to dust.
x - 4 potions of heal wounds You now have 597 gold pieces (gained 14).
You see here a +0 spear.
Xom briefly touches your surroundings.
Found a potion of degeneration.
You see here a potion of degeneration.
I - a wand of flame (18) (gained 16 charges)
There is a stone staircase leading down here.
A skeletal warrior is nearby!
The skeletal warrior hits you with a +0 trident!
You barely miss the skeletal warrior.
Your headbutt misses the skeletal warrior.
The skeletal warrior hits you but does no damage.
You hit the skeletal warrior but do no damage.
You headbutt the skeletal warrior!
The skeletal warrior is lightly damaged.
The skeletal warrior hits you with a +0 trident!
You slash the skeletal warrior! You freeze the skeletal warrior.
You headbutt the skeletal warrior.
The skeletal warrior is moderately damaged.
You hit the skeletal warrior but do no damage.
You headbutt the skeletal warrior, but do no damage.
The skeletal warrior is moderately damaged.
You block the skeletal warrior's attack.
You closely miss the skeletal warrior.
Your headbutt misses the skeletal warrior.
The skeletal warrior is moderately damaged.
You block the skeletal warrior's attack.
You hit the skeletal warrior but do no damage.
The skeletal warrior is moderately damaged.
The skeletal warrior hits you with a +0 trident!
You hit the skeletal warrior but do no damage.
The skeletal warrior is moderately damaged.
You block the skeletal warrior's attack.
You slash the skeletal warrior! You freeze the skeletal warrior.
The skeletal warrior is heavily damaged.
You slash the skeletal warrior! You freeze the skeletal warrior.
You headbutt the skeletal warrior.
The skeletal warrior is severely damaged.
The skeletal warrior barely misses you.
You hit the skeletal warrior.
The skeletal warrior is severely damaged.
The skeletal warrior hits you with a +0 trident.
You slash the skeletal warrior! You freeze the skeletal warrior.
The skeletal warrior is almost destroyed.
The skeletal warrior hits you but does no damage.
You closely miss the skeletal warrior.
The skeletal warrior is almost destroyed.
You closely miss the skeletal warrior.
The skeletal warrior is almost destroyed.
The skeletal warrior hits you but does no damage.
You closely miss the skeletal warrior. You headbutt the skeletal warrior.
You destroy the skeletal warrior!
You see here a +0 trident.
Done exploring.
You start resting.
HP restored.
What are your orders? t - Shout!
Orders for allies: a - Attack new target. r - Retreat! s - Stop attacking. g - Guard the area. f - Follow me.
Anything else - Cancel.
You shout for attention!
What are your orders? t - Shout!
Orders for allies: a - Attack new target. r - Retreat! s - Stop attacking. g - Guard the area. f - Follow me.
Anything else - Cancel.
You shout for attention!
What are your orders? t - Shout!
Orders for allies: a - Attack new target. r - Retreat! s - Stop attacking. g - Guard the area. f - Follow me.
Anything else - Cancel.
You shout for attention!
What are your orders? t - Shout!
Orders for allies: a - Attack new target. r - Retreat! s - Stop attacking. g - Guard the area. f - Follow me.
Anything else - Cancel.
You shout for attention!
Xom smiles on you.
The skeletal warrior's +0 mace dances into the air!
You are now a favourite toy of Xom.
The skeletal warrior hits you but does no damage.
You closely miss the skeletal warrior.
You headbutt the skeletal warrior, but do no damage.
The skeletal warrior hits you!
Your +0 mace hits the skeletal warrior!
You slash the skeletal warrior! You freeze the skeletal warrior.
You headbutt the skeletal warrior!
The skeletal warrior is severely damaged.
The skeletal warrior hits you but does no damage.
Your +0 mace hits the skeletal warrior.
You hit the skeletal warrior but do no damage.
You headbutt the skeletal warrior, but do no damage.
The skeletal warrior is severely damaged.
The skeletal warrior hits you.
Your +0 mace barely misses the skeletal warrior.
You hit the skeletal warrior but do no damage.
You headbutt the skeletal warrior.
The skeletal warrior is severely damaged.
The skeletal warrior hits you but does no damage.
Your +0 mace hits the skeletal warrior!
You barely miss the skeletal warrior.
You headbutt the skeletal warrior, but do no damage.
The skeletal warrior is almost destroyed.
You hit the skeletal warrior.
Your headbutt misses the skeletal warrior.
The skeletal warrior is almost destroyed.
Your +0 mace barely misses the skeletal warrior.
You block the skeletal warrior's attack.
You hit the skeletal warrior but do no damage.
Your headbutt misses the skeletal warrior.
The skeletal warrior is almost destroyed.
Your +0 mace hits the skeletal warrior!
The skeletal warrior is destroyed!
Done exploring.
Unknown command.
What level of the Dungeon? (default 11, ? - help)
There is a stone staircase leading up here.
You fly upwards.
Your mindless puppet stays behind.
There is a stone staircase leading down here.
There is an open door here.
There is an open door here.
There is a stone staircase leading up here.
You fly upwards.
There is a stone staircase leading down here.
There is a stone staircase leading up here.
You fly upwards.
Level annotation: 2 transporters, Persephone's ghost, novice TrSh
There is a stone staircase leading down here.
The tengu warrior shouts!
Persephone's ghost turns its malevolent gaze towards you.
The orc warrior shouts!
You hear a shout!
Press: ? - help, v - describe, . - travel A rock wall.
The orc warrior shouts!
The moth of wrath's fur bristles in rage as it notices you.
There is a transporter here.
What are your orders? t - Shout!
Orders for allies: a - Attack new target. r - Retreat! s - Stop attacking. g - Guard the area. f - Follow me.
Anything else - Cancel.
You shout for attention!
There is a transporter here.
What are your orders? t - Shout!
Orders for allies: a - Attack new target. r - Retreat! s - Stop attacking. g - Guard the area. f - Follow me.
Anything else - Cancel.
You shout for attention!
What are your orders? t - Shout!
Orders for allies: a - Attack new target. r - Retreat! s - Stop attacking. g - Guard the area. f - Follow me.
Anything else - Cancel.
Okay, then.
There is a transporter here.
You enter the transporter and appear at another place.
Throw: 49 darts (poison)
Press: ? - help, Q - select action, (/) - cycle Shift-Dir - straight line, f - two-headed ogre
Aim: a two-headed ogre, wielding a +0 heavy giant spiked club and a +0 heavy giant club (75% to hit)
Okay, then.
You slash the two-headed ogre! You freeze the two-headed ogre.
The two-headed ogre is moderately wounded.
The two-headed ogre barely misses you. You block the two-headed ogre's attack.
Aiming: Bolt of Light
Press: ? - help, Shift-Dir - straight line, f - Persephone's ghost
Aim: Persephone's ghost (75% to hit)
The bolt of light misses the two-headed ogre.
The bolt of light hits the troll!
The troll is heavily wounded.
The troll is blinded.
The bolt of light hits the tengu warrior.
The tengu warrior is lightly wounded.
The tengu warrior is blinded.
The bolt of light hits Persephone's ghost!
Persephone's ghost is lightly damaged.
Xom grants you some temporary aid. The tengu warrior misses your ufetubus.
The tengu warrior pecks your ufetubus.
The tengu warrior barely misses your ufetubus.
You slash the two-headed ogre! You freeze the two-headed ogre.
The two-headed ogre is heavily wounded.
Your ufetubus slips past Persephone's ghost!
Your ufetubus closely misses Persephone's ghost.
Your ufetubus hits Persephone's ghost but does no damage.
You slash the two-headed ogre! You freeze the two-headed ogre.
You headbutt the two-headed ogre!
You kill the two-headed ogre!
Your ufetubus barely misses the orc warrior.
Your ufetubus hits the orc warrior but does no damage.
Your Fighting skill increases to level 13!
You hit the troll but do no damage. You headbutt the troll!
The troll is heavily wounded.
Your ufetubus hits the orc warrior but does no damage. x2
The troll bites you! You block the troll's attack. x2
You hit the troll but do no damage.
The troll is heavily wounded.
Xom opens a gate.
Your ufetubus closely misses the tengu warrior.
Your ufetubus barely misses the tengu warrior.
The orc warrior hits you from afar with a +0 glaive!
The troll bites you!
The troll claws you but does no damage. x2
You barely miss the troll.
The troll is heavily wounded.
Your ufetubus misses the tengu warrior.
Your ufetubus closely misses the tengu warrior.
You hit the troll. You freeze the troll.
The troll is severely wounded.
The tengu warrior is no longer blind.
The tengu warrior blocks your ufetubus's attack.
Your ufetubus barely misses the tengu warrior.
You block the orc warrior's attack. You block the troll's attack. x2
The troll closely misses you.
You barely miss the troll.
The troll is heavily wounded.
Your ufetubus hits the tengu warrior.
The tengu warrior blocks your ufetubus's attack.
The orc warrior hits you but does no damage.
The troll bites you. You block the troll's attack. The troll barely misses you.
Your ufetubus hits the tengu warrior but does no damage.
The tengu warrior blocks your ufetubus's attack.
You closely miss the troll.
The troll is heavily wounded.
The orc warrior hits you from afar with a +0 glaive.
Your ufetubus completely misses the tengu warrior.
The tengu warrior blocks your ufetubus's attack.
You block the troll's attack. x2; The troll claws you but does no damage.
Unknown command.
You slash the troll! You freeze the troll. Your headbutt misses the troll.
The troll is almost dead.
Your ufetubus completely misses the tengu warrior.
The tengu warrior blocks your ufetubus's attack.
The orc warrior hits you from afar with a +0 glaive.
You block the troll's attack. The troll claws you but does no damage.
The troll claws you.
You slice the troll!! You freeze the troll.
You kill the troll!
The tengu warrior blocks your ufetubus's attack.
Your ufetubus closely misses the tengu warrior.
Unknown command.
Aiming: Iceblast
Press: ? - help, Shift-Dir - straight line, f/p - Persephone's ghost
Aim: Persephone's ghost (lightly damaged, ally target)
The mass of ice explodes!
The iceblast engulfs Persephone's ghost.
Persephone's ghost is lightly damaged.
The iceblast engulfs the orc warrior!
The orc warrior is severely wounded.
The iceblast engulfs the tengu warrior.
The tengu warrior is lightly wounded.
The tengu warrior blocks your ufetubus's attack. x2
The tengu warrior hits your ufetubus with a +1 antimagic trident!
Your ufetubus dies!
Your ufetubus disappears in a puff of smoke!
The orc warrior hits you but does no damage.
The tengu warrior shouts!
Unknown command.
You barely miss Persephone's ghost.
Persephone's ghost is lightly damaged.
Your crimson imp blinks!
You block the orc warrior's attack. Persephone's ghost hits you!!
You slice Persephone's ghost!! You freeze Persephone's ghost.
Persephone's ghost is moderately damaged.
You block the tengu warrior's attack.
The orc warrior hits you from afar with a +0 glaive.
You block Persephone's ghost's attack.
You barely miss Persephone's ghost.
Persephone's ghost is moderately damaged.
You hit Persephone's ghost but do no damage.
Persephone's ghost is moderately damaged.
The tengu warrior hits you but does no damage.
The orc warrior hits you but does no damage.
You block Persephone's ghost's attack.
You barely miss Persephone's ghost.
Persephone's ghost is moderately damaged.
The tengu warrior hits you but does no damage.
Persephone's ghost hits you but does no damage.
You block the orc warrior's attack.
You hit Persephone's ghost. You freeze Persephone's ghost.
Persephone's ghost is moderately damaged.
The tengu warrior hits you but does no damage.
The orc warrior barely misses you. Persephone's ghost hits you.
You completely miss Persephone's ghost. You headbutt Persephone's ghost.
Persephone's ghost is moderately damaged.
You block the tengu warrior's attack.
Persephone's ghost shouts, "They lied to you.
The Dungeon just goes down and down forever."
You block Persephone's ghost's attack. The orc warrior barely misses you.
You slash Persephone's ghost! You freeze Persephone's ghost.
Persephone's ghost is heavily damaged.
You barely miss Persephone's ghost.
Persephone's ghost is heavily damaged.
The tengu warrior barely misses you.
The orc warrior hits you but does no damage.
Persephone's ghost hits you but does no damage.
You hit Persephone's ghost. You freeze Persephone's ghost.
You headbutt Persephone's ghost!
Persephone's ghost is severely damaged.
You block Persephone's ghost's attack.
The tengu warrior hits you from afar with a +1 antimagic trident!
* * * LOW HITPOINT WARNING * * *
You feel your power leaking away.
The orc warrior hits you from afar with a +0 glaive.
* * * LOW HITPOINT WARNING * * *
You swap places.
Persephone's ghost hits your iron imp!!
Your iron imp dies!
Your iron imp disappears in a puff of smoke!
Your white imp gestures at Persephone's ghost.
The puff of frost hits Persephone's ghost!
Persephone's ghost hits your white imp.
Your crimson imp blinks!
Persephone's ghost hits your white imp!!
Your white imp dies!
Your white imp degenerates into a cloud of primal chaos!
There is a transporter here.
Your ufetubus is engulfed in seething chaos.
Your ufetubus hits Persephone's ghost but does no damage. x2
Persephone's ghost misses your ufetubus.
Your ufetubus hits Persephone's ghost but does no damage.
Your ufetubus hits Persephone's ghost.
Persephone's ghost sneers, "Only the weak need weapons."
Persephone's ghost hits your white imp!!
Your white imp dies!
Your white imp disappears in a puff of smoke!
Your ufetubus hits Persephone's ghost but does no damage.
Your ufetubus barely misses Persephone's ghost.
Persephone's ghost hits your ufetubus!
Your ufetubus dies!
Your ufetubus disappears in a puff of smoke!
Persephone's ghost laughs crazily.
Persephone's ghost hits your white imp!!
Your white imp dies!
Your white imp disappears in a puff of smoke!
Your ufetubus slips past Persephone's ghost!
Your ufetubus hits Persephone's ghost but does no damage.
Your ufetubus closely misses Persephone's ghost.
Something barely misses your ufetubus. Persephone's ghost hits your ufetubus.
Your ufetubus hits Persephone's ghost but does no damage.
Your ufetubus barely misses Persephone's ghost.
Your crimson imp hits Persephone's ghost but does no damage.
Persephone's ghost closely misses your ufetubus.
Something closely misses your ufetubus.
Your ufetubus hits Persephone's ghost but does no damage. x2
Your ufetubus disappears in a puff of smoke!
Your crimson imp hits Persephone's ghost but does no damage.
Persephone's ghost barely misses your crimson imp. "This might be better!"
The orc warrior seems to grow stronger.
Your crimson imp hits Persephone's ghost but does no damage.
Persephone's ghost completely misses your crimson imp.
Your crimson imp hits Persephone's ghost but does no damage.
Persephone's ghost barely misses your crimson imp.
Your crimson imp hits Persephone's ghost but does no damage.
Persephone's ghost hits your crimson imp!
Your crimson imp disappears in a puff of smoke!
Press: ? - help, v - describe, . - travel
Here: Persephone's ghost (severely damaged)
The floor, spattered with blood.
You enter the transporter and appear at another place.
Xom's power touches on you for a moment.
Your body is suffused with distortional energy.
You begin to heal more quickly.
Your skin feels very cold.
Your thoughts seem clearer.
Iridescent scales grow over part of your body.
You are now a plaything of Xom.
Unknown command.
The moth of wrath's fur bristles in rage as it notices you.
There is a transporter here.
You start resting.
The moth of wrath angrily waves its antennae.
HP restored.
You start resting.
Magic restored.
You start resting.
HP restored.
The moth of wrath angrily waves its antennae.
There is a transporter here.
The tengu warrior shouts!
Xom's power almost touches on you for a moment.
Your cloak billows in an unfelt wind.
What are your orders? t - Shout!
Orders for allies: a - Attack new target. r - Retreat! s - Stop attacking. g - Guard the area. f - Follow me.
Anything else - Cancel.
You shout for attention!
Persephone's ghost turns its malevolent gaze towards you.
There is a transporter here.
You enter the transporter and appear at another place.
Things that are here:
a +0 heavy giant spiked club; a +0 heavy giant club; a troll corpse You block the tengu warrior's attack.
The tengu warrior completely misses you. x2
The orc warrior hits you but does no damage.
Things that are here:
a +0 heavy giant spiked club; a +0 heavy giant club; a troll corpse The tengu warrior blocks your attack.
Your headbutt misses the tengu warrior.
The tengu warrior hits you with a +1 antimagic trident!
You feel your power leaking away.
The tengu warrior is very cold.
The tengu warrior is lightly wounded.
The tengu warrior pecks you but does no damage.
The tengu warrior is very cold.
The tengu warrior is lightly wounded.
The tengu warrior claws you but does no damage.
The tengu warrior is very cold.
The tengu warrior is lightly wounded.
You block the orc warrior's attack.
The tengu warrior hits you with a +1 antimagic trident.
The tengu warrior is very cold.
The tengu warrior is moderately wounded.
You block the tengu warrior's attack. x2
The orc warrior hits you but does no damage.
The orc warrior is very cold.
The orc warrior is severely wounded.
You barely miss the orc warrior.
The orc warrior is severely wounded.
The tengu warrior blocks your attack.
You slash the orc warrior! You freeze the orc warrior.
You kill the orc warrior!
You closely miss the tengu warrior. You block the tengu warrior's attack.
The tengu warrior pecks you.
The tengu warrior claws you but does no damage.
The tengu warrior is very cold.
The tengu warrior is moderately wounded.
You hit the tengu warrior but do no damage.
The tengu warrior is moderately wounded.
You block the tengu warrior's attack. The tengu warrior pecks you.
The tengu warrior is very cold.
The tengu warrior is moderately wounded.
The tengu warrior barely misses you.
You hit the tengu warrior. You freeze the tengu warrior.
The tengu warrior blocks your attack.
The tengu warrior is heavily wounded.
The tengu warrior hits you with a +1 antimagic trident.
You feel your power leaking away.
The tengu warrior is very cold.
The tengu warrior is heavily wounded.
The tengu warrior pecks you.
The tengu warrior is very cold.
The tengu warrior is heavily wounded.
The tengu warrior claws you.
The tengu warrior is very cold.
The tengu warrior is severely wounded.
You hit the tengu warrior. You freeze the tengu warrior.
You headbutt the tengu warrior.
The tengu warrior is almost dead.
The tengu warrior hits you with a +1 antimagic trident.
The tengu warrior is very cold.
The tengu warrior is almost dead.
The tengu warrior pecks you but does no damage.
The tengu warrior is very cold.
You kill the tengu warrior!
Your Armour skill increases to level 5!
Your Dodging skill increases to level 4!
You have reached level 12!
You feel agile.
Items here: ) [[ †.
O - a +2 buckler
Press: ? - help, v - describe, . - travel, g - get item
Items here: a +0 heavy giant spiked club; a +0 heavy giant club; a troll corpse.
The floor, spattered with blood.
Unknown command.
Things that are here:
a +0 heavy giant spiked club; a +0 heavy giant club; a troll corpse You hear Xom's maniacal laughter.
You feel dopey.
There is a transporter here.
You enter the transporter and appear at another place.
You start removing your armour.
You continue taking off your +0 buckler. x4
You finish taking off your +0 buckler.
You start putting on your armour.
You continue putting on your +2 buckler. x5
You finish putting on your +2 buckler.
Unknown command.
You drop a +0 buckler.
Magic restored.
Persephone's ghost screams, "Zot is a myth, the ORB is a fable, you'll soon be a tale!"
There is a transporter here.
Persephone's ghost assumes a wrestling stance.
You start resting.
Persephone's ghost whispers, "You will understand me better in a moment."
Magic restored.
You enter the transporter and appear at another place.
What are your orders? t - Shout!
Orders for allies: a - Attack new target. r - Retreat! s - Stop attacking. g - Guard the area. f - Follow me.
Anything else - Cancel.
You shout for attention!
Things that are here:
a +0 glaive; a +0 chain mail; an orc corpse
Things that are here:
a +1 antimagic trident; a +3 ring mail; a tengu corpse
Things that are here:
a +0 heavy giant spiked club; a +0 heavy giant club; a troll skeleton The moth of wrath goads something on!
You block the moth of wrath's attack.
You barely miss the moth of wrath. You block the orc warrior's attack.
You block the moth of wrath's attack.
You closely miss the moth of wrath.
The orc warrior hits you from afar with a +0 glaive!
The moth of wrath bites you! The orc warrior barely misses you.
You barely miss the moth of wrath. "Hum-dee-hum-dee-hum..."
The orc warrior flickers and vanishes!
Deactivating autopickup; reactivate with Ctrl-A.
The moth of wrath bites you but does no damage.
The moth of wrath is very cold.
The moth of wrath is lightly wounded.
Something hits you but does no damage.
You hit the moth of wrath. You freeze the moth of wrath.
Your headbutt misses the moth of wrath.
The moth of wrath is moderately wounded.
Something hits you! The moth of wrath closely misses you.
You slash the moth of wrath! You freeze the moth of wrath.
The moth of wrath is heavily wounded.
Something hits you!
You barely miss the moth of wrath. You headbutt the moth of wrath.
The moth of wrath is heavily wounded.
The moth of wrath bites you but does no damage.
The moth of wrath is very cold.
The moth of wrath is severely wounded.
Something hits you but does no damage.
You hit the moth of wrath. You freeze the moth of wrath.
Your headbutt misses the moth of wrath.
The moth of wrath is severely wounded. "Let me alter your body."
Your body is suffused with distortional energy.
Your skin warms up.
The moth of wrath bites you. You block something's attack.
You closely miss the moth of wrath.
The moth of wrath is severely wounded.
Something hits you but does no damage. You block the moth of wrath's attack.
You slash the moth of wrath! You freeze the moth of wrath.
You kill the moth of wrath!
Something hits you!! "Fight to survive, mortal."
The yak bellows! x5 "Hum-dee-hum-dee-hum..."
The yak evaporates and reforms as a jumping spider!
You are now Xom's teddy bear.
The bullfrog hits you but does no damage.
The jumping spider leaps!
You hit the bullfrog. You freeze the bullfrog.
The bullfrog is moderately wounded.
You hit the yak but do no damage. You hit the yak. You freeze the yak.
Persephone's ghost lets out a mournful wail.
The bullfrog hits you but does no damage.
You slice the bullfrog!! You freeze the bullfrog!
You kill the bullfrog!
The bullfrog's corpse disappears in a puff of smoke!
You hit the yak but do no damage. You slash the yak! You freeze the yak.
You block the yak's attack. x2
You slash the yak! You freeze the yak.
The yak is moderately wounded.
You hit the yak but do no damage. You slash the yak! You freeze the yak.
The yak completely misses you. The yak gores you but does no damage.
You block the yak's attack.
You completely miss the yak.
The yak is moderately wounded.
You hit the yak. You freeze the yak.
You kill the yak!
The yak's corpse disappears in a puff of smoke!
You completely miss the yak. Something hits you! You block the yak's attack.
You slash the yak! You freeze the yak. You headbutt the yak!
The yak is almost dead.
You hit the yak. You freeze the yak. Something hits you but does no damage.
The yak gores you but does no damage.
You barely miss the yak. You headbutt the yak, but do no damage.
The yak is almost dead.
You hit Persephone's ghost but do no damage.
You slash the yak! You freeze the yak. Something hits you!
You block the yak's attack. You block Persephone's ghost's attack.
You slash the yak! You freeze the yak.
You kill the yak!
The yak's corpse disappears in a puff of smoke!
You closely miss Persephone's ghost. You barely miss the jumping spider.
Something hits you!
* * * LOW HITPOINT WARNING * * *
You emit a cloud of colourful smoke!
Something hits you!
* * * LOW HITPOINT WARNING * * *
You block Persephone's ghost's attack.
The jumping spider leaps!
Something hits you!!
* * * LOW HITPOINT WARNING * * *
You block the yak's attack. Persephone's ghost barely misses you.
There is a transporter, spattered with blood here.
You enter the transporter and appear at another place.
The yak gores you but does no damage. You block Persephone's ghost's attack.
Press: ? - help, v - describe, . - travel A transporter landing site.
As you read the scroll of fear, it crumbles to dust.
You assume a fearsome visage.
The yak looks frightened!
Persephone's ghost is unaffected.
Persephone's ghost hits you!!
You die...
Xom chortles!

Skill      XL: |  1  2  3  4  5  6  7  8  9 10 11 |
---------------+----------------------------------+-----
Axes           | 4 5 6 7 8 9 12 14 16 17 | 17.5
Fighting       | 4 5 6 7 9 10 12 13 | 13.1
Shields        | 6 |  6.8
Armour         | 5 |  5.2
Dodging        | 4 |  4.2

Action                     |  1- 3 |  4- 6 |  7- 9 | 10-12 || total
---------------------------+-------+-------+-------+-------++-------
  Melee: Hand axe          |    94 |   106 |   264 |   256 ||   720
         Headbutt          |    11 |    16 |    62 |   105 ||   194
         Punch             |       |     1 |     8 |     3 ||    12
         Broad axe         |       |       |    13 |   183 ||   196
  Throw: Dart              |       |     1 |     3 |     9 ||    13
  Evoke: Wand              |       |       |     2 |     2 ||     4
    Use: Potion            |       |     1 |       |     1 ||     2
         Scroll            |       |       |    10 |     4 ||    14
   Stab: Paralysed         |     1 |       |     3 |     4 ||     8
         Invisible         |       |       |     3 |       ||     3
 Armour: Leather armour    |    58 |    82 |   130 |       ||   270
         Pearl dragon scal |       |       |    24 |       ||    24
         Plate armour      |       |       |       |   312 ||   312
  Dodge: Dodged            |    60 |    75 |   103 |   108 ||   346
  Block: Other             |       |       |    42 |    37 ||    79
         Buckler           |       |       |       |    62 ||    62

Levels and vault maps discovered:
D:1:      lightli_arrival_flooded_house, layout_basic,
          hellmonk_ecumenical_altar_blasted
D:2:      layout_rooms, uniq_terence, uniq_crazy_yiuf_cottage
D:3:      layout_basic, serial_corexii_hall, corexii_hall_statues_x,
          chequers_hall_statues_wall_a, corexii_hall_statues_x,
          nicolae_houndstooth_variations
D:4:      layout_basic, gammafunk_temple_of_torment
D:5:      layout_cave_pools, nicolae_overflow_hidden_temple, xom_butterflies
D:6:      minmay_inner_zag, layout_rooms, mainiacjoe_overflow_brackets,
          temple_hall, serial_shops, nicolae_shop_window_shopping,
          doesnt_shop_hydraphobe
D:7:      layout_basic, grunt_gozag_statues, serial_shops,
          nicolae_shop_statue_plus, kennysheep_mini, shop
D:8:      layout_loops_ring, mainiacjoe_overflow_tiny_flanked,
          dpeg_oklobed_lair, enter_bailey_4
D:9:      layout_rooms, lemuel_tele_altar, gammafunk_ghost_wrathful_warriors
D:10:     layout_loops_ring, tso_oasis_becter, elyvilon_altar_3
D:11:     layout_roguey, david_orc_1_choice
D:12:     layout_loops_ring

Notes
Turn   | Place    | Note
-------+----------+-------------------------------------------
     0 | D:1      | scionoferis the Minotaur Chaos Knight began the quest for
                  | the Orb.
     0 | D:1      | Reached XP level 1. HP: 19/19 MP: 0/0
    74 | D:1      | Reached skill level 4 in Axes
   136 | D:1      | XOM: divination: detect creatures
   139 | D:1      | Reached XP level 2. HP: 27/27 MP: 1/1
   176 | D:1      | Found a faded altar of an unknown god.
   190 | D:1      | Reached skill level 4 in Fighting
   273 | D:1      | XOM: divination: magic mapping
   316 | D:1      | XOM: summons 2 hostile demons
   318 | D:1      | XOM: butterfly on damage
   318 | D:1      | XOM: smoke on damage
   439 | D:1      | Reached XP level 3. HP: 33/33 MP: 2/2
  1095 | D:2      | Reached skill level 5 in Axes
  1410 | D:2      | Found a runed translucent door.
  1410 | D:2      | Noticed Crazy Yiuf
  1410 | D:2      | XOM: 1-stop teleportation journey
  1414 | D:2      | Killed Crazy Yiuf
  1415 | D:2      | Reached XP level 4. HP: 26/41 MP: 3/3
  1490 | D:2      | Noticed Terence
  1508 | D:2      | Killed Terence
  1675 | D:3      | Reached skill level 6 in Axes
  1781 | D:3      | Reached skill level 5 in Fighting
  1781 | D:3      | Reached XP level 5. HP: 48/48 MP: 4/4
  2670 | D:4      | Noticed a phantom
  2672 | D:4      | XOM: 1-stop teleportation journey
  2690 | D:4      | Noticed an ogre
  2699 | D:4      | XOM: 1-stop teleportation journey
  2773 | D:4      | Found a transporter.
  2796 | D:4      | Found a basalt altar of Yredelemnul.
  2850 | D:4      | Noticed Menkaure
  2856 | D:4      | Found an ancient bone altar of Kikubaaqudgha.
  2859 | D:4      | Found a transporter.
  2887 | D:4      | Killed an ogre
  2913 | D:4      | Reached skill level 7 in Axes
  2913 | D:4      | Reached XP level 6. HP: 56/56 MP: 5/5
  3116 | D:5      | Entered Level 5 of the Dungeon
  3116 | D:5      | XOM: noise
  3118 | D:5      | XOM: cast spell 'Summon Cactus Giant'
  3130 | D:5      | Reached skill level 6 in Fighting
  3134 | D:5      | Reached skill level 8 in Axes
  3136 | D:5      | Reached XP level 7. HP: 33/64 MP: 6/6
  3174 | D:5      | XOM: give mutations
  3174 | D:5      | Gained mutation: Your flesh is heat resistant. (rF+) [Xom's
                  | grace]
  3174 | D:5      | Gained mutation: You are partially covered in large bone
                  | plates. (SH +4) [Xom's grace]
  3174 | D:5      | Gained mutation: You passively dampen the noise of your
                  | surroundings. [Xom's grace]
  3174 | D:5      | Gained mutation: You are somewhat resistant to further
                  | mutation. [Xom's grace]
  3254 | D:5      | XOM: god gift: 4 stones
  3301 | D:5      | Found a shimmering altar of Xom.
  3430 | D:5      | Learned a level 1 spell: Apportation
  3473 | D:5      | Found a radiant altar of Vehumet.
  3476 | D:5      | Found a hazy altar of Hepliaklqana.
  3531 | D:5      | XOM: confuse monster(s)
  3700 | D:6      | Reached skill level 9 in Axes
  3706 | D:6      | Reached skill level 7 in Fighting
  3715 | D:6      | XOM: fog
  3741 | D:6      | XOM: enchant monster (good)
  3753 | D:6      | XOM: enchant monster (good)
  3764 | D:6      | XOM: god gift: 53 gold pieces
  3770 | D:6      | Reached XP level 8. HP: 67/73 MP: 7/7
  3794 | D:6      | Reached skill level 10 in Axes
  3945 | D:6      | Reached skill level 8 in Fighting
  4036 | D:6      | Found a staircase to the Ecumenical Temple.
  4058 | D:6      | Found Zikh's Hydra Hut.
  4063 | D:6      | Noticed a four-headed hydra
  4180 | D:6      | Found Enirig's Book Shop.
  4289 | D:6      | Found a stormy altar of Qazlal.
  4335 | D:6      | XOM: noise
  4363 | D:7      | Found an opulent altar of Gozag.
  4407 | D:7      | Identified the +4 war axe "Esuon" {heavy, Str+4}
  4426 | D:7      | XOM: destruction
  4433 | D:7      | Reached skill level 11 in Axes
  4790 | D:7      | Found Haroy's Jewellery Shop.
  5010 | D:7      | Found Ahath's Antique Armour Shoppe.
  5021 | D:7      | Bought a pair of runed boots for 202 gold pieces
  5049 | D:7      | Found Gohef's Assorted Antiques.
  5054 | D:7      | Bought a scroll labelled ZAADDO TUNEY for 28 gold pieces
  5054 | D:7      | Bought a scroll labelled DOUXAF WUNLE for 28 gold pieces
  5103 | D:8      | Identified the +1 short sword "Rup Dian" {drain, Str+4
                  | Int-4}
  5113 | D:8      | XOM: draining
  5145 | D:8      | Reached skill level 9 in Fighting
  5145 | D:8      | Reached skill level 12 in Axes
  5145 | D:8      | Reached XP level 9. HP: 44/80 MP: 8/8
  5170 | D:8      | Found a staircase to the Lair.
  5206 | D:8      | Found a flagged portal.
  5293 | Bailey   | Entered a bailey
  5391 | Bailey   | Found a large runed translucent door.
  5391 | Bailey   | Found a large runed translucent door.
  5391 | Bailey   | Noticed an orc knight
  5392 | Bailey   | Noticed a deep elf zephyrmancer
  5399 | Bailey   | XOM: swap monsters
  5402 | Bailey   | XOM: divine lightning
  5413 | Bailey   | XOM: noise
  5431 | Bailey   | XOM: polymorph orc -> frilled lizard
  5445 | Bailey   | XOM: divination: detect creatures
  5522 | Bailey   | an orc knight changed into a komodo dragon
  5522 | Bailey   | Noticed a komodo dragon
  5522 | Bailey   | XOM: polymorph orc knight -> komodo dragon
  5528 | Bailey   | XOM: summons 2 hostile demons
  5530 | Bailey   | Killed a komodo dragon
  5625 | Bailey   | XOM: silly message
  5634 | Bailey   | Killed a deep elf zephyrmancer
  5635 | Bailey   | Reached skill level 10 in Fighting
  5635 | Bailey   | Reached skill level 13 in Axes
  5645 | Bailey   | Identified +0 pearl dragon scales
  5726 | Bailey   | XOM: noise
  5817 | D:8      | Identified a scroll of acquirement
  6229 | D:8      | Found a snail-covered altar of Cheibriados.
  6263 | D:8      | Reached skill level 14 in Axes
  6495 | D:7      | XOM: summons 2 hostile demons
  6591 | D:4      | Killed Menkaure
  6612 | D:4      | Identified the +1 plate armour of Rifet {Rampage rN+ Dex-2
                  | Stlth+}
  6762 | D:9      | Reached XP level 10. HP: 94/94 MP: 9/9
  6762 | D:9      | XOM: summons 5 friendly demons
  6826 | D:9      | Noticed a moth of wrath
  6828 | D:9      | Noticed Persephone's ghost (novice TrSh)
  6837 | D:9      | Reached skill level 11 in Fighting
  6837 | D:9      | Noticed a tengu warrior
  6917 | D:9      | Noticed a two-headed ogre
  6951 | D:9      | XOM: fog
  7066 | D:9      | Found a transporter.
  7073 | D:9      | Found a bloodstained altar of Trog.
  7083 | D:9      | Found a transporter.
  7139 | D:9      | Reached skill level 15 in Axes
  7187 | D:9      | Found a sacrificial altar of Ru.
  7239 | D:9      | XOM: divination: magic mapping
  7347 | D:9      | Noticed a two-headed ogre
  7349 | D:9      | XOM: swap monsters
  7359 | D:9      | Killed a two-headed ogre
  7559 | D:10     | Entered Level 10 of the Dungeon
  7844 | D:10     | Found a white marble altar of Elyvilon.
  7864 | D:10     | Reached skill level 12 in Fighting
  7864 | D:10     | Reached skill level 16 in Axes
  7934 | D:10     | XOM: scenery: summon butterflies
  7955 | D:10     | XOM: cloud trail
  8009 | D:10     | XOM: divination: magic mapping
  8010 | D:10     | XOM: summons 6 friendly demons
  8242 | D:10     | Reached XP level 11. HP: 104/105 MP: 10/10
  8432 | D:10     | Found a glowing golden altar of the Shining One.
  8507 | D:11     | Reached skill level 1 in Shields
  8610 | D:11     | Reached skill level 2 in Shields
  8767 | D:11     | Found a staircase to the Orcish Mines.
  8797 | D:11     | XOM: confusion
  8806 | D:11     | HP: 21/105 [orc warrior/+0 trident (6)]
  8809 | D:11     | Reached skill level 3 in Shields
  9138 | D:11     | XOM: 6-stop teleportation journey
  9288 | D:11     | XOM: noise
  9290 | D:11     | Reached skill level 4 in Shields
  9641 | D:12     | XOM: swap monsters
  9740 | D:12     | Noticed a white ugly thing
  9745 | D:12     | Killed a white ugly thing
  9746 | D:12     | Reached skill level 17 in Axes
  9746 | D:12     | Reached skill level 5 in Shields
  9798 | D:12     | XOM: confuse monster(s)
  9836 | D:12     | Reached skill level 3 in Armour
  9847 | D:12     | Reached skill level 2 in Dodging
  9926 | D:12     | Noticed a skeletal warrior
  9936 | D:12     | Killed a skeletal warrior
  9996 | D:12     | Noticed a deep elf pyromancer
 10002 | D:12     | Killed a deep elf pyromancer
 10091 | D:12     | Noticed a two-headed ogre
 10100 | D:12     | Killed a two-headed ogre
 10101 | D:12     | Reached skill level 4 in Armour
 10101 | D:12     | Reached skill level 3 in Dodging
 10212 | D:12     | Noticed a skeletal warrior
 10212 | D:12     | Noticed a skeletal warrior
 10229 | D:12     | HP: 19/105 [skeletal warrior/+0 mace (11)]
 10231 | D:12     | XOM: cast spell 'Summon Cactus Giant'
 10329 | D:12     | XOM: noise
 10330 | D:12     | XOM: summons 11 friendly demons
 10555 | D:12     | XOM: divination: detect items
 10559 | D:12     | Reached skill level 6 in Shields
 10577 | D:12     | XOM: give mutations
 10577 | D:12     | Gained mutation: You are covered in fur. (AC +1) [Xom's
                  | grace]
 10577 | D:12     | Gained mutation: You are mostly covered in large bone
                  | plates. (SH +6) [Xom's grace]
 10577 | D:12     | Gained mutation: You are robust. (+10% HP) [Xom's grace]
 10577 | D:12     | Gained mutation: You have a pair of large horns on your
                  | head. [Xom's grace]
 10716 | D:12     | XOM: scenery: create altars
 10816 | D:12     | Killed a skeletal warrior
 10911 | D:12     | Killed a skeletal warrior
 11052 | D:9      | XOM: summons 7 friendly demons
 11054 | D:9      | Killed a two-headed ogre
 11055 | D:9      | Reached skill level 13 in Fighting
 11056 | D:9      | XOM: summons friendly iron imp
 11084 | D:9      | XOM: enchant monster (bad)
 11095 | D:9      | XOM: give mutations
 11095 | D:9      | Gained mutation: Your natural rate of healing is unusually
                  | fast. [Xom's grace]
 11095 | D:9      | Gained mutation: A frigid envelope surrounds you and
                  | freezes all who hurt you. [Xom's grace]
 11095 | D:9      | Gained mutation: You possess an exceptional clarity of
                  | mind. [Xom's grace]
 11095 | D:9      | Gained mutation: You are partially covered in iridescent
                  | scales. (AC +2) [Xom's grace]
 11168 | D:9      | XOM: silly message
 11202 | D:9      | Killed a tengu warrior
 11203 | D:9      | Reached skill level 5 in Armour
 11203 | D:9      | Reached skill level 4 in Dodging
 11203 | D:9      | Reached XP level 12. HP: 107/126 MP: 4/11
 11208 | D:9      | XOM: stat loss: -1 Int (8/9)
 11281 | D:9      | XOM: enchant monster (bad)
 11285 | D:9      | XOM: give mutation
 11285 | D:9      | Lost mutation: A frigid envelope surrounds you and freezes
                  | all who hurt you. [Xom's mischief]
 11288 | D:9      | XOM: summons 2 hostile shadow creatures
 11289 | D:9      | XOM: polymorph yak -> jumping spider
 11296 | D:9      | XOM: smoke on damage
 11297 | D:9      | HP: 19/126 [something (19)]
 11299 | D:9      | Slain by Persephone's ghost

Vanquished Creatures
  3 two-headed ogres (D:9 D:12)
  A tengu warrior (D:9)
  2 skeletal warriors (D:12)
  A deep elf zephyrmancer (Bailey)
  A deep elf pyromancer (D:12)
  A manticore (D:12)
  A cyclops (D:12)
  A moth of wrath (D:9)
  An ugly thing (D:12)
  A kobold demonologist (D:10)
  2 komodo dragons (Bailey D:12)
  An unseen horror (D:10)
  3 trolls (D:9 D:11)
  2 hornets (D:8 D:9)
  3 shadows (D:10 D:11 D:12)
  3 wraiths (D:10 D:11 D:12)
  A wyvern (D:8)
  2 vampire mosquitoes (D:12)
  6 yaks (D:9 D:10)
  3 steam dragons (D:8 D:9)
  A warg (D:11)
  Menkaure (D:4)
  An acid dragon (D:12)
  2 water moccasins (D:6 D:8)
  8 orc warriors (Bailey D:9 D:10 D:11)
  2 sky beasts (D:6 D:7)
  2 ice beasts (D:6)
  A black bear (D:5)
  An ogre (D:4)
  3 centaurs (D:9 D:10)
  2 phantoms (D:4 D:6)
  A kobold brigand (D:11)
  3 gnoll sergeants (D:10 D:11 D:12)
  A scorpion (D:5)
  A bullfrog (D:6)
  5 wights (D:9)
  14 killer bees (D:7 D:10 D:11)
  A water moccasin skeleton (D:4)
  A gnoll bouda (D:6)
  3 hounds (D:5 D:6)
  A jelly (D:6)
  Crazy Yiuf (D:2)
  10 orc priests (D:6 D:9 D:10 D:11)
  Terence (D:2)
  3 iguanas (D:4 D:5 D:6)
  5 orc wizards (D:6 D:10 D:11 D:12)
  A hound zombie (D:4)
  A hound skeleton (D:4)
  17 gnolls (D:6 D:10 D:11 D:12)
  9 adders (D:2 D:3 D:5 D:6)
  3 shadow imps (D:7 D:8 D:4)
  2 white imps (D:6)
  A worm (D:3)
  3 dart slugs (D:1 D:4)
  37 orcs (D:3 D:4 D:5 D:6 D:7)
  9 ball pythons (D:1 D:2 D:3 D:4)
  7 bats (D:1 D:3)
  9 endoplasms (D:1 D:2)
  5 giant cockroaches (D:1 D:2 D:3 D:4)
  7 hobgoblins (D:1 D:3 D:4 D:8)
  6 jackals (D:1 D:3)
  6 frilled lizards (D:1 D:2 D:3 Bailey)
  9 goblins (D:1 D:2 D:3)
  15 kobolds (D:1 D:3 D:4 D:5 D:11)
  6 rats (D:1 D:2 D:3)
267 creatures vanquished.

Vanquished Creatures (collateral kills)
  A skeletal warrior (D:12)
  A yak (D:10)
  A kobold brigand (D:5)
  A sleepcap (D:5)
  2 orcs (D:5)
  2 kobolds (D:5)
8 creatures vanquished.

Vanquished Creatures (others)
  An orc warrior (Bailey)
  An orc wizard (D:6)
2 creatures vanquished.

Grand Total: 277 creatures vanquished

Table legend: (Time is in decaauts)
 A = Elapsed time spent in this place.
 B = Non-inter-level travel time spent in this place.
 C = Inter-level travel time spent in this place.
 D = Time resting spent in this place.
 E = Time spent auto-exploring this place.
 F = Levels seen in this place.
 G = Mean time per level.
                   A        B        C        D        E       F      G
               +--------+--------+--------+--------+--------+-----+--------+
         Total |  11085 |  10542 |    543 |    791 |   7255 |  13 |  852.7 |
       Dungeon |  10644 |  10101 |    543 |    705 |   7183 |  12 |  887.0 |
        Bailey |    440 |    440 |      0 |     86 |     72 |   1 |  440.0 |
               +--------+--------+--------+--------+--------+-----+--------+

Top non-repeatable levels by time:
    D:11: 1246 daAuts
    D:12: 1217 daAuts
     D:9: 1068 daAuts
     D:1: 1033 daAuts
     D:8: 950 daAuts
     D:3: 894 daAuts
    D:10: 870 daAuts
     D:6: 784 daAuts
     D:4: 706 daAuts
     D:2: 645 daAuts
     D:7: 615 daAuts
     D:5: 612 daAuts
  Bailey: 440 daAuts

Table legend:
 A = Non-vault XP
 B = Vault XP
 C = Vault XP percentage of total XP
 D = Non-vault monster count
 E = Vault monster count
 F = Vault count percentage of total count
                 A         B        C        D         E       F
            +---------+---------+-------+---------+---------+-------
      Total |   17908 |    5042 |  22.0 |     237 |      41 |  14.7
            +---------+---------+-------+---------+---------+-------
        D:1 |      61 |       0 |   0.0 |      35 |       0 |   0.0
        D:2 |      46 |      78 |  62.9 |      15 |       2 |  11.8
        D:3 |      55 |       0 |   0.0 |      17 |       0 |   0.0
        D:4 |     282 |     286 |  50.4 |      12 |       5 |  29.4
        D:5 |     494 |       0 |   0.0 |      19 |       0 |   0.0
        D:6 |    1026 |     190 |  15.6 |      28 |       4 |  12.5
        D:7 |     404 |       0 |   0.0 |       8 |       0 |   0.0
        D:8 |    1224 |      12 |   1.0 |       8 |       5 |  38.5
        D:9 |    3085 |    2572 |  45.5 |      18 |       5 |  21.7
       D:10 |    2595 |       0 |   0.0 |      23 |       0 |   0.0
       D:11 |    1509 |     662 |  30.5 |      29 |       9 |  23.7
       D:12 |    7127 |       0 |   0.0 |      25 |       0 |   0.0
     Bailey |       0 |    1242 | 100.0 |       0 |      11 | 100.0
            +---------+---------+-------+---------+---------+-------
